 Dungeon Sprint DCSS version 0.15-a0-35-ga771cbd (webtiles) character file.

7680 BluebellGnoll the Eclecticist (level 10, -1/50 HPs)
             Began as a Deep Elf Fire Elementalist on Apr 2, 2014.
             Was the Champion of Sif Muna.
             Slain by a spriggan defender
             ... wielding a +5,+0 demon whip of draining
              (16 damage)
             ... in the Dungeon (Sprint IV: "Fedhas' Mad Dash").
             The game lasted 00:31:41 (2937 turns).

BluebellGnoll the Eclecticist (DEFE)                Turns: 2937, Time: 00:31:41

HP  -1/50        AC  2     Str  5      XL: 10   Next: 94%
MP  30/38        EV 18     Int 24      God: Sif Muna [******]
Gold 217         SH  0     Dex 15      Spells: 11 memorised, 10 levels left

rFire  . . .     SeeInvis .     t - +2,+0 short sword (venom)
rCold  . . .     Clarity  .     a - +0 robe
rNeg   . . .     Conserve .     (no shield)
rPois  .         rCorr    .     (no helmet)
rElec  .         rRot     .     (no cloak)
SustAb . .       Spirit   .     (no gloves)
rMut   .         Warding  .     (no boots)
Saprov . . .     NoTele   +     (no amulet)
MR     +....                    (no ring)
                                h - ring of invisibility

@: drained, somewhat resistant to hostile enchantments, quite stealthy
A: no striking features
a: Channel Energy, Forget Spell, Renounce Religion, Evoke Invisibility


You were in the Dungeon.
You worshipped Sif Muna.
Sif Muna was exalted by your worship.
You were hungry.

You visited 1 branch You collected 247 gold pieces.
You spent 30 gold pieces at shops.

Inventory:

Hand weapons
 j - a +1,+1 dagger of speed
 t - a +2,+0 short sword of venom (weapon)
 x - a +0,+2 lajatang of pain
 z - a +0,+0 anti-magic cutlass
Armour
 a - a +0 robe (worn)
 y - a +0 robe of positive energy
 B - a +0 animal skin
Comestibles
 n - a honeycomb
Scrolls
 k - 2 scrolls of amnesia {unknown}
 l - a scroll of immolation {unknown}
 p - a scroll of blinking
 u - a scroll of remove curse
Jewellery
 h - a ring of invisibility (left hand)
Potions
 d - a potion of curing
 f - a potion of haste
 g - 2 potions of magic
Books
 b - a book of Flames

   Spells                             Type                      Level
   *Flame Tongue                      Conjuration/Fire             1
   *Throw Flame                       Conjuration/Fire             2
   *Conjure Flame                     Conjuration/Fire             3
   *Inner Flame                       Hexes/Fire                   3
   *Sticky Flame                      Conjuration/Fire             4
   *Fireball                          Conjuration/Fire             5
 c - Ylelicw's Tome of Confrontation
   (Sif Muna gifted it to you in the Dungeon)

   Spells                             Type                      Level
   *Bolt of Draining                  Conjuration/Necromancy       5
   Conjure Ball Lightning             Conjuration/Air              6
   Glaciate                           Conjuration/Ice              9
 i - Jeangoex's Papyrus of Arcane Weapons and the Blaze
   (Sif Muna gifted it to you in the Dungeon)

   Spells                             Type                      Level
   *Flame Tongue                      Conjuration/Fire             1
   *Sticky Flame                      Conjuration/Fire             4
   Ring of Flames                     Charms/Fire                  7
   Chain Lightning                    Conjuration/Air              8
 m - a book of Power

   Spells                             Type                      Level
   *Fulminant Prism                   Conjuration/Hexes            4
   *Iskenderun's Mystic Blast         Conjuration                  4
   Venom Bolt                         Conjuration/Poison           5
   Bolt of Magma                      Conjuration/Fire/Earth       5
   Iron Shot                          Conjuration/Earth            6
   *Orb of Destruction                Conjuration                  7
 q - Sif Muna's Almanac of Glacial Confrontation
   (Sif Muna gifted it to you in the Dungeon)

   Spells                             Type                      Level
   Sting                              Conjuration/Poison           1
   Shock                              Conjuration/Air              1
   Magic Dart                         Conjuration                  1
   Throw Frost                        Conjuration/Ice              2
   Bolt of Cold                       Conjuration/Ice              6
   Glaciate                           Conjuration/Ice              9
 r - Sif Muna's Compendium of Dusty Combat Magic
   (Sif Muna gifted it to you in the Dungeon)

   Spells                             Type                      Level
   Stoneskin                          Transmutation/Earth          2
   Stone Arrow                        Conjuration/Earth            3
   Delayed Fireball                   Conjuration/Fire             7
   Lehudib's Crystal Spear            Conjuration/Earth            8
 s - a book of Wizardry

   Spells                             Type                      Level
   Summon Elemental                   Summoning                    4
   Agony                              Necromancy                   5
   Force Lance                        Conjuration                  5
   Haste                              Charms                       6
   Invisibility                       Hexes                        6
   Spellforged Servitor               Conjuration/Summoning        7
 v - a book of Spatial Translocations

   Spells                             Type                      Level
   Apportation                        Translocation                1
   *Blink                             Translocation                2
   Shroud of Golubria                 Charms/Translocation         2
   Portal Projectile                  Translocation                3
   Teleport Other                     Translocation                3
   Passage of Golubria                Translocation                4
 w - Sif Muna's Compendium of the Escort
   (Sif Muna gifted it to you in the Dungeon)

   Spells                             Type                      Level
   Summon Mana Viper                  Hexes/Summoning              5
   Forceful Dismissal                 Summoning                    6
 A - Sif Muna's Grimoire of Fire
   (Sif Muna gifted it to you in the Dungeon)

   Spells                             Type                      Level
   Fire Brand                         Charms/Fire                  2
   *Sticky Flame                      Conjuration/Fire             4
   Ring of Flames                     Charms/Fire                  7
   Delayed Fireball                   Conjuration/Fire             7
Miscellaneous
 o - a lantern of shadows


   Skills:
 - Level 10.5(9.3) Dodging
 - Level 7.4(6.3) Stealth
 + Level 20.7(19.2) Spellcasting
 + Level 16.0(14.6) Conjurations
 * Level 8.3(7.1) Hexes
 + Level 6.6(5.5) Fire Magic


You had 10 spell levels left.
You knew the following spells:

 Your Spells              Type           Power        Failure   Level  Hunger
a - Flame Tongue          Conj/Fire      #####        1%          1    None
b - Throw Flame           Conj/Fire      ######       1%          2    None
c - Conjure Flame         Conj/Fire      ######..     1%          3    None
d - Inner Flame           Hex/Fire       ######..     1%          3    None
e - Sticky Flame          Conj/Fire      ######..     1%          4    None
f - Fireball              Conj/Fire      ######....   1%          5    None
g - Bolt of Draining      Conj/Necr      ######....   2%          5    None
h - Iskenderun's Mystic   Conj           #######.     1%          4    None
i - Fulminant Prism       Conj/Hex       ######....   1%          4    None
j - Orb of Destruction    Conj           #######...   4%          7    #####..
k - Blink                 Tloc           N/A          3%          2    None


Dungeon Overview and Level Annotations

Branches:
Dungeon (1/1)

Altars:
Cheibriados
Dithmenos
Elyvilon
Kikubaaqudgha
Makhleb
Nemelex Xobeh
Okawaru
Sif Muna
Trog
Vehumet
Xom
Yredelemnul
Zin
The Shining One
Beogh
Jiyva
Lugonu

Shops:
D ?[!:::?!


Message History

The sticky flame hits the spriggan defender!
The spriggan defender is moderately wounded!
The spriggan defender is covered in liquid flames!!!
The spriggan defender burns!!!
The spriggan defender misses you!
The spriggan defender burns!!!
The spriggan defender completely misses you!
The spriggan defender burns!!!
The spriggan defender misses you!
There is an open door here!
The spriggan defender burns!!!
The spriggan defender hits you with a glowing demon whip!!!
Ouch!!!
That really hurt!!!
You feel drained!
* * * LOW HITPOINT WARNING * * *
Drink which item? (? for menu, Esc to quit)
You feel much better!
The spriggan defender burns!!!
The spriggan defender hits you with a demon whip of draining!!!
You feel drained!
* * * LOW HITPOINT WARNING * * *
The spriggan defender hits you with a demon whip of draining!!!
You die!!!

...#.⌠.........⌠.#..')[.#....##∩#
...'._._._._._._.'..#...#....'..#
...#.._._._._._..#..###'##.).##∩#
#'##._._._._._._.#..##∩∩.'...####
...#.⌠.........⌠.################
...###################.....[###..
####♣♣♣♣♣..♣.###.'..'.....(.')'[.
.)'.........♣##.i#..#.f...%.#####
..#.......♣..###@##'##.f....#
..#..♣..)...♣'...#♣.♣########
##################.....####
###.....♣.§§§#
.P.#####...♣.....§§§..♣
iP..........♣.....§§∩...
.P...################## #


You could see a spriggan defender (burning).

Vanquished Creatures
  Agnes (D)
  A spriggan berserker (D)
  A spriggan druid (D)
  6 oklob plants (D)
  3 wandering mushrooms (D)
  A demonic crawler (D)
  A giant firefly (D)
  A queen bee (D)
  3 burning bushes (D)
  2 scorpions (D)
  4 killer bees (D)
  5 oklob saplings (D)
  5 spriggans (D)
  A worker ant (D)
  A green rat (D)
  A giant spore (D)
  A rat (D)
  A ballistomycete (D)
39 creatures vanquished.

Vanquished Creatures (others)
  A fulminant prism (D)
1 creature vanquished.

Grand Total: 40 creatures vanquished

Notes
Turn   | Place    | Note
--------------------------------------------------------------
     0 | D        | BluebellGnoll, the Deep Elf Fire Elementalist, began the quest for the Orb.
     0 | D        | Reached XP level 1. HP: 10/10 MP: 5/5
    17 | D        | Reached skill level 6 in Spellcasting
    17 | D        | Reached XP level 2. HP: 15/15 MP: 0/12
    30 | D        | Learned a level 2 spell: Throw Flame
   198 | D        | Noticed an oklob sapling
   201 | D        | Killed an oklob sapling
   201 | D        | Reached skill level 8 in Spellcasting
   201 | D        | Reached XP level 3. HP: 19/19 MP: 10/18
   206 | D        | Learned a level 3 spell: Conjure Flame
   210 | D        | Learned a level 3 spell: Inner Flame
   351 | D        | Noticed a worker ant
   353 | D        | Killed a worker ant
   353 | D        | Reached skill level 10 in Spellcasting
   383 | D        | Found a snail-covered altar of Cheibriados.
   383 | D        | Found a glowing silver altar of Zin.
   383 | D        | Found a white marble altar of Elyvilon.
   383 | D        | Found a viscous altar of Jiyva.
   383 | D        | Found a radiant altar of Vehumet.
   383 | D        | Found an ancient bone altar of Kikubaaqudgha.
   383 | D        | Found a bloodstained altar of Trog.
   383 | D        | Found a corrupted altar of Lugonu.
   383 | D        | Noticed an oklob sapling priest
   384 | D        | Found a glowing golden altar of the Shining One.
   384 | D        | Found a deep blue altar of Sif Muna.
   385 | D        | Found a burning altar of Makhleb.
   385 | D        | Found a sparkling altar of Nemelex Xobeh.
   386 | D        | Found a shimmering altar of Xom.
   386 | D        | Found an iron altar of Okawaru.
   387 | D        | Found a shadowy altar of Dithmenos.
   393 | D        | Killed an oklob sapling priest
   393 | D        | Reached skill level 12 in Spellcasting
   393 | D        | Reached XP level 4. HP: 16/24 MP: 14/24
   394 | D        | Found a roughly hewn altar of Beogh.
   394 | D        | Found a basalt altar of Yredelemnul.
   404 | D        | Became a worshipper of Sif Muna the Loreminder
   479 | D        | Learned a level 4 spell: Sticky Flame
   486 | D        | Noticed an oklob sapling wizard
   493 | D        | Killed an oklob sapling wizard
   493 | D        | Reached XP level 5. HP: 28/28 MP: 17/26
   645 | D        | Learned a level 5 spell: Fireball
   645 | D        | Noticed a scorpion
   649 | D        | Acquired Sif Muna's first power
   649 | D        | Reached skill level 5 in Conjurations
   649 | D        | Killed a scorpion
   649 | D        | Acquired Sif Muna's second power
   701 | D        | Found Ocaluy's Antique Armour Shop.
   701 | D        | Found Berebeb's Magic Scroll Emporium.
   709 | D        | Noticed a burning bush
   709 | D        | Noticed a wandering mushroom
   721 | D        | Killed a wandering mushroom
   721 | D        | Acquired Sif Muna's third power
   721 | D        | Reached XP level 6. HP: 32/32 MP: 7/28
   921 | D        | Noticed a scorpion
   921 | D        | Noticed a wandering mushroom
   924 | D        | Killed a scorpion
   924 | D        | Reached XP level 7. HP: 36/36 MP: 24/29
   941 | D        | Killed a wandering mushroom
   941 | D        | Reached skill level 13 in Spellcasting
  1092 | D        | Killed a burning bush
  1092 | D        | Received a gift from Sif Muna
  1093 | D        | Identified Ylelicw's Tome of Confrontation (Sif Muna gifted it to you in the Dungeon)
  1105 | D        | Learned a level 5 spell: Bolt of Draining
  1202 | D        | Found Odosmau's Book Emporium.
  1202 | D        | Found Sousepne's Book Shoppe.
  1213 | D        | Learned a level 4 spell: Iskenderun's Mystic Blast
  1218 | D        | Learned a level 4 spell: Fulminant Prism
  1256 | D        | Noticed an oklob sapling
  1257 | D        | Killed an oklob sapling
  1271 | D        | Noticed a queen bee
  1272 | D        | Noticed a killer bee
  1273 | D        | Killed a killer bee
  1274 | D        | Noticed a killer bee
  1274 | D        | Noticed a killer bee
  1274 | D        | Noticed a killer bee
  1274 | D        | Killed a killer bee
  1274 | D        | Reached XP level 8. HP: 41/41 MP: 20/31
  1274 | D        | Killed a killer bee
  1274 | D        | Reached skill level 5 in Stealth
  1275 | D        | Killed a killer bee
  1276 | D        | Killed a queen bee
  1387 | D        | Noticed an oklob plant
  1392 | D        | Killed an oklob plant
  1392 | D        | Reached skill level 15 in Spellcasting
  1481 | D        | Noticed a burning bush
  1493 | D        | Killed a burning bush
  1493 | D        | Reached XP level 9. HP: 37/45 MP: 1/34
  1632 | D        | Noticed a wandering mushroom
  1632 | D        | Noticed a burning bush
  1632 | D        | Noticed an oklob plant
  1633 | D        | Noticed an oklob sapling
  1641 | D        | Killed a burning bush
  1641 | D        | Reached skill level 16 in Spellcasting
  1844 | D        | Killed a wandering mushroom
  1844 | D        | Received a gift from Sif Muna
  1845 | D        | Killed an oklob sapling
  1848 | D        | Killed an oklob plant
  1848 | D        | Reached skill level 10 in Dodging
  1848 | D        | Reached skill level 17 in Spellcasting
  1851 | D        | Identified Jeangoex's Papyrus of Arcane Weapons and the Blaze (Sif Muna gifted it to you in the Dungeon)
  1970 | D        | Learned a level 7 spell: Orb of Destruction
  2131 | D        | Noticed a spriggan druid
  2138 | D        | Killed a spriggan druid
  2138 | D        | Reached skill level 18 in Spellcasting
  2211 | D        | Noticed an oklob plant conjurer
  2215 | D        | Killed an oklob plant conjurer
  2215 | D        | Received a gift from Sif Muna
  2216 | D        | Identified Sif Muna's Compendium of Dusty Combat Magic (Sif Muna gifted it to you in the Dungeon)
  2299 | D        | Noticed an oklob plant
  2299 | D        | Noticed an oklob plant shifter
  2299 | D        | Noticed an oklob plant summoner
  2311 | D        | Killed an oklob plant summoner
  2315 | D        | Killed an oklob plant
  2315 | D        | Reached skill level 19 in Spellcasting
  2315 | D        | Reached skill level 5 in Hexes
  2315 | D        | Reached XP level 10. HP: 50/50 MP: 14/37
  2317 | D        | Killed an oklob plant shifter
  2317 | D        | Reached skill level 15 in Conjurations
  2415 | D        | Noticed a demonic crawler
  2425 | D        | Killed a demonic crawler
  2425 | D        | Received a gift from Sif Muna
  2426 | D        | Identified Sif Muna's Almanac of Glacial Confrontation (Sif Muna gifted it to you in the Dungeon)
  2468 | D        | Noticed a spriggan rider
  2468 | D        | Noticed a spriggan
  2468 | D        | Noticed a spriggan
  2469 | D        | Found Ybuenier's Magic Scroll Emporium.
  2471 | D        | Killed a spriggan
  2475 | D        | Killed a spriggan
  2477 | D        | Killed a spriggan
  2483 | D        | Killed a giant firefly
  2551 | D        | Found Utioqep's Distillery.
  2568 | D        | Bought a scroll of remove curse for 30 gold pieces
  2605 | D        | Learned a level 2 spell: Blink
  2681 | D        | Noticed Agnes
  2690 | D        | Killed Agnes
  2690 | D        | Received a gift from Sif Muna
  2690 | D        | Reached skill level 20 in Spellcasting
  2691 | D        | Identified Sif Muna's Compendium of the Escort (Sif Muna gifted it to you in the Dungeon)
  2810 | D        | Found Lairr's Distillery.
  2810 | D        | Noticed a spriggan berserker
  2876 | D        | Killed a spriggan berserker
  2876 | D        | Received a gift from Sif Muna
  2877 | D        | Identified Sif Muna's Grimoire of Fire (Sif Muna gifted it to you in the Dungeon)
  2918 | D        | Noticed a spriggan rider
  2923 | D        | Found Uxotucso's Book Shoppe.
  2925 | D        | Noticed a spriggan defender
  2937 | D        | Slain by a spriggan defender

Action                   |  1- 3 |  4- 6 |  7- 9 | 10-12 || total
-------------------------+-------+-------+-------+-------++-------
Melee: Unarmed           |     5 |       |       |       ||     5
       Dagger            |       |       |     3 |       ||     3
 Cast: Flame Tongue      |    14 |    10 |    22 |     1 ||    47
       Throw Flame       |       |    10 |     1 |       ||    11
       Conjure Flame     |       |     1 |     2 |     5 ||     8
       Inner Flame       |       |     1 |       |       ||     1
       Sticky Flame      |       |     1 |     1 |     6 ||     8
       Fireball          |       |       |    38 |     2 ||    40
       Orb of Destructio |       |       |       |     4 ||     4
       Iskenderun's Myst |       |       |       |     3 ||     3
       Fulminant Prism   |       |       |       |     1 ||     1
Invok: Channel Energy    |       |       |       |     5 ||     5
 Abil: Evoke Invisibilit |     1 |     1 |     4 |     1 ||     7
  Use: Potion            |     1 |       |       |     1 ||     2
 Stab: Sleeping          |       |       |     3 |       ||     3
